 Dungeon Crawl Stone Soup version 0.19.1-1-g22dce08 (webtiles) character file.

259 ponk the Caller (level 5, 0/35 HPs)
             Began as a Mummy Summoner on Jan 12, 2017.
             Slain by Stil's ghost (5 damage)
             ... on level 4 of the Dungeon.
             The game lasted 00:27:14 (7664 turns).

ponk the Caller (Mummy Summoner)                    Turns: 7664, Time: 00:27:14

Health: 0/35       AC:  2    Str: 11    XL:     5   Next: 94%
Magic:  3/8        EV: 12    Int: 15    God:
Gold:   79         SH:  0    Dex: 13    Spells: 2 memorised, 5 levels left

rFire  x . .     SeeInvis .     d - +0 spear
rCold  + . .     Gourm    .     a - +0 robe
rNeg   + + +     Faith    .     (no shield)
rPois  ∞         Spirit   .     (no helmet)
rElec  .         Reflect  .     (no cloak)
rCorr  .         Harm     .     (no gloves)
MR     .....                    (no boots)
Stlth  ++........               (no amulet)
                                (no ring)
                                (no ring)

@: no status effects
A: no food or potions, fire vulnerability, cold resistance 1, negative energy
resistance 3, torment resistance, unbreathing
a: no special abilities


You were on level 4 of the Dungeon.
You were not hungry.

You visited 1 branch of the dungeon, and saw 4 of its levels.

You collected 79 gold pieces.

Inventory:

Hand Weapons
 d - a +0 spear (weapon)
Missiles
 g - 5 tomahawks
 h - 7 tomahawks of returning (quivered)
Armour
 a - a +0 robe (worn)
 j - a +0 shield
Wands
 i - a wand of confusion (25/48)
Scrolls
 c - a scroll of enchant armour
 e - a scroll of amnesia {unknown}
 f - 2 scrolls of identify
Books
 b - a book of Callings

   Spells                             Type                      Level
   a - Summon Small Mammal            Summoning                    1
   b - Call Imp                       Summoning                    2
   c - Call Canine Familiar           Summoning                    3
   d - Summon Guardian Golem          Hexes/Summoning              3
   e - Summon Lightning Spire         Summoning/Air                4
   f - Summon Ice Beast               Ice/Summoning                4


   Skills:
 - Level 1.5 Dodging
 - Level 1.5 Stealth
 - Level 2.2 Spellcasting
 + Level 5.9 Summonings


You had 5 spell levels left.
You knew the following spells:

 Your Spells              Type           Power        Failure   Level  Hunger
a - Summon Small Mammal   Summ           ###.         1%          1    N/A
b - Call Imp              Summ           ###.....     2%          2    N/A

Dungeon Overview and Level Annotations

Branches:
Dungeon (4/15)
 Temple: D:4-7

Altars:
Dithmenos
Nemelex Xobeh

Annotations:
D:4 Stil's ghost, weakling SpWr


Innate Abilities, Weirdness & Mutations

You do not eat or drink.
Your flesh is vulnerable to fire.
You are immune to poison.
Your flesh is cold resistant. (rC+)
You are immune to negative energy. (rN+++)
You are immune to unholy pain and torment.
You can survive without breathing.


Message History

t - Shout!
Orders for allies: a - Attack new target. p - Attack previous target. r - Retreat! s - Stop attacking. g - Guard the area. f - Follow me.
Anything else - Cancel.
Gang up on whom?
Press: ? - help, Dir - move target cursor, f/p - Stil's ghost
Aim: Stil's ghost (heavily damaged, shrouded) Attack!
Your crimson imp completely misses Stil's ghost.
Your white imp misses Stil's ghost.
Stil's ghost closely misses your crimson imp.
Your crimson imp barely misses Stil's ghost.
Stil's ghost's shroud bends your white imp's attack away.
Stil's ghost hits your crimson imp!
Your crimson imp hits Stil's ghost but does no damage.
Your white imp barely misses Stil's ghost.
Your crimson imp hits Stil's ghost.
Stil's ghost's shroud falls apart!
Stil's ghost hits you.
You die...

....####...§.###.....#
.....###.##..###..# .#
...>.....###..#..# #.#
.....##...##.....##..###
.. #.................#
#..##.........##... #.#
##..._)..##
#..##....5....##.
#....@W5..........
###..##.....##..## #.#
#..#..# #... #.
#..###..# .... #.....#
#.... ... ........
......... ######..
..#... ### .#... ..


You could see Stil's ghost, a friendly crimson imp and a friendly white imp.

Vanquished Creatures
  An adder (D:3)
  A worm (D:3)
  A leopard gecko (D:3)
  An orc (D:3)
  A goblin (D:1)
  2 hobgoblins (D:1)
  A jackal (D:3)
  A frilled lizard (D:3)
  A kobold (D:1)
  4 rats
14 creatures vanquished.

Vanquished Creatures (collateral kills)
  A water moccasin (D:3)
  3 orc priests (D:3)
  A hound (D:4)
  2 orc wizards
  A worker ant (D:3)
  An adder (D:3)
  2 gnolls (D:1)
  2 oozes
  2 worms (D:3)
  A dart slug (D:2)
  4 leopard geckos
  9 orcs (D:3)
  2 ball pythons
  4 bats
  A giant cockroach (D:2)
  9 goblins
  13 hobgoblins
  2 jackals (D:3)
  11 kobolds
  A quokka (D:2)
  6 frilled lizards
  A quokka skeleton (D:3)
  4 rats
83 creatures vanquished.

Grand Total: 97 creatures vanquished

Notes
Turn   | Place    | Note
-------+----------+-------------------------------------------
     0 | D:1      | ponk the Mummy Summoner began the quest for the Orb.
     0 | D:1      | Reached XP level 1. HP: 13/13 MP: 3/3
   423 | D:1      | Reached XP level 2. HP: 19/19 MP: 1/5
   481 | D:1      | Learned a level 2 spell: Call Imp
  1622 | D:1      | Reached skill level 4 in Summonings
  1622 | D:1      | Reached XP level 3. HP: 19/24 MP: 1/6
  3912 | D:3      | Found a sparkling altar of Nemelex Xobeh.
  4259 | D:3      | Reached XP level 4. HP: 5/30 MP: 7/7
  5607 | D:3      | Noticed a water moccasin
  5617 | D:3      | Killed a water moccasin
  5617 | D:3      | Reached skill level 5 in Summonings
  5617 | D:3      | Reached XP level 5. HP: 35/35 MP: 1/8
  6989 | D:3      | HP: 1/35 [orc (2)]
  7550 | D:4      | Found a shadowy altar of Dithmenos.
  7587 | D:4      | Noticed Stil's ghost (weakling SpWr)
  7664 | D:4      | Slain by Stil's ghost

Skill      XL: |  1  2  3  4 |
---------------+-------------+-----
Summonings     | 4 5 |  5.9
Dodging        | |  1.5
Stealth        | |  1.5
Spellcasting   | |  2.2

Action                   |  1- 3 |  4- 6 || total
-------------------------+-------+-------++-------
Melee: Spear             |    79 |    43 ||   122
 Cast: Summon Small Mamm |    14 |       ||    14
       Call Imp          |    74 |    62 ||   136
Evoke: Wand              |       |     1 ||     1
  Use: Scroll            |     6 |     2 ||     8
 Stab: Sleeping          |     1 |       ||     1
       Distracted        |       |     1 ||     1
Armor: Robe              |    15 |    17 ||    32
Dodge: Dodged            |    62 |    58 ||   120
Block: Shield            |    11 |    16 ||    27
